 Dungeon Crawl Stone Soup version 0.29.1-1-gd02db6906a (webtiles) character file.

Game seed: 4603471354264422234

1467 Earthwalker the Poker (level 8, -1/69 HPs)
             Began as a Hill Orc Monk on Oct 7, 2022.
             Was an Initiate of Gozag.
             Slain by a gnoll
             ... wielding a +0 spear
             ... led by a gnoll bouda
              (8 damage)
             ... on level 6 of the Dungeon.
             The game lasted 00:25:45 (6196 turns).

Earthwalker the Poker (Hill Orc Monk)               Turns: 6196, Time: 00:25:45

Health: -1/69      AC: 15    Str: 14    XL:     8   Next: 77%
Magic:  10/10      EV:  5    Int: 13    God:    Gozag
Gold:   575        SH:  9    Dex: 15    Spells: 10/10 levels left

rFire   . . .      SeeInvis .   e - +3 spear of the Unseen Realm {vorpal, rC+ Int+3 Stlth+}
rCold   + + .      Faith    .   t - +0 kite shield
rNeg    . . .      Spirit   .   w - +2 chain mail {rC+}
rPois   +          Reflect  .   k - +0 helmet
rElec   .          Harm     .   h - +0 cloak
rCorr   .          Rampage  .   (no gloves)
Will    .....                   d - +0 pair of boots
Stlth   ..........              (no amulet)
HPRegen 0.21/turn               n - ring of poison resistance
MPRegen 0.12/turn               (no ring)

@: gold aura
A: no striking features
a: Renounce Religion, Potion Petition, Call Merchant, Bribe Branch


You were on level 6 of the Dungeon.
You worshipped Gozag.
Gozag was pleased with you.
You visited 2 branches of the dungeon, and saw 7 of its levels.

You collected 696 gold pieces.
You spent 121 gold pieces at shops.

Inventory:

Hand Weapons
 a - a +0 spear
 e - the +3 spear of the Unseen Realm (weapon) {vorpal, rC+ Int+3 Stlth+}
   (You found it on level 5 of the Dungeon)

   It inflicts extra damage upon your enemies.
   Int:       It affects your intelligence (+3).
   rC:        It protects you from cold.
   Stlth:     It makes you more stealthy.
 o - a +1 trident of flaming
 s - a +0 flail
Armour
 d - a +0 pair of boots (worn)
 h - a +0 cloak (worn)
 k - a +0 helmet (worn)
 l - a +0 ring mail
 t - a +0 kite shield (worn)
 w - a +2 chain mail of cold resistance (worn)
 x - a +1 leather armour of fire resistance
Magical Staves
 u - a staff of death
Jewellery
 n - a ring of poison resistance (left hand)
Wands
 m - a wand of quicksilver (18)
 B - a wand of flame (14)
Scrolls
 f - a scroll of blinking
 j - a scroll of fog
 r - a scroll of immolation {unknown}
 v - a scroll of torment
 y - a scroll of amnesia
Potions
 b - a potion of brilliance {unknown}
 c - a potion of ambrosia
 g - a potion of invisibility
 i - a potion of heal wounds
 p - a potion of cancellation
 q - 3 potions of curing
 z - 2 potions of lignification {unknown}
 A - a potion of degeneration {unknown}


   Skills:
 * Level 5.4 Fighting
 * Level 6.9 Polearms
 * Level 4.4 Armour
 * Level 3.5 Dodging
 * Level 3.2 Stealth
 * Level 3.6 Shields
 * Level 1.9 Spellcasting
 * Level 3.0 Fire Magic


You had 10 spell levels left.
You didn't know any spells.
Your spell library contained the following spells:

 Spells                   Type           Power      Damage    Failure   Level
 Apportation              Tloc           2%         N/A       100%        1
 Alistair's Intoxication  Tmut/Pois      0%         N/A       100%        5


Dungeon Overview and Level Annotations

Branches:
Dungeon (6/15)             Temple (1/1) D:4

Altars:
Cheibriados
Elyvilon
Fedhas
Gozag
Hepliaklqana
Kikubaaqudgha
Nemelex Xobeh
Sif Muna
Trog
Uskayaw
Vehumet
Wu Jian
Xom
Yredelemnul
The Shining One

Shops:
D:1 =   D:2 [([[


Message History

You hit the ogre.
You kill the ogre!
Your Fire Magic skill increases to level 3! 2 gnolls come into view.
The gnoll shouts! x2; You hear a shout!
Things that are here:
12 gold pieces; a +0 giant spiked club
Things that are here:
12 gold pieces; a +0 giant spiked club You block the gnoll's attack.
The gnoll hits you from afar with a +0 spear.
* * * LOW HITPOINT WARNING * * *
You hit the gnoll.
The gnoll is heavily wounded.
The gnoll hits you with a +0 spear.
* * * LOW HITPOINT WARNING * * *
You block the gnoll's attack.
You hit the gnoll.
The gnoll is severely wounded.
The gnoll hits you with a +0 spear.
* * * LOW HITPOINT WARNING * * *
The gnoll barely misses you.
You closely miss the gnoll.
The gnoll is severely wounded.
The gnoll barely misses you. x2
You hit the gnoll.
You kill the gnoll!
The gnoll barely misses you. You block the gnoll's attack.
Things that are here:
17 gold pieces; a +0 spear; a +0 giant spiked club You closely miss the gnoll.
You block the gnoll's attack.
You closely miss the gnoll. The gnoll hits you but does no damage.
You hit the gnoll but do no damage. You block the gnoll's attack.
You hit the gnoll but do no damage. You block the gnoll's attack.
You hit the gnoll.
The gnoll is moderately wounded.
The gnoll hits you with a +0 spear!
You die...
Your body crumbles into a pile of gold.

.......
.......
..#....
.......
.......
.....#
.......
.....# .....
.....#.
#...#.......
#..g........
#.#@#.#
###.#...#
....#.###
###.#.#.#
...#.#.#
######.#.#.#
#..........#
#.......##.#
#.....#.##.#
#########


You could see a gnoll.

Vanquished Creatures
  Menkaure (D:4)
  A black bear (D:4)
  5 ogres
  A centaur (D:5)
  A necrophage (D:5)
  3 scorpions
  3 jellies
  A hound (D:4)
  2 iguanas
  7 orc wizards
  A gnoll (D:6)
  9 adders
  An ufetubus (D:5)
  2 worms (D:3)
  2 dart slugs
  24 orcs
  4 ball pythons
  4 endoplasms
  A giant cockroach (D:2)
  5 hobgoblins
  5 jackals (D:4)
  3 quokkas
  7 bats
  3 frilled lizards (D:2)
  6 goblins
  9 kobolds
  3 rats
114 creatures vanquished.

Vanquished Creatures (others)
  11 plants (D:5)
11 creatures vanquished.

Grand Total: 125 creatures vanquished

Notes
Turn   | Place    | Note
-------+----------+-------------------------------------------
     0 | D:1      | Earthwalker the Hill Orc Monk began the quest for the Orb.
     0 | D:1      | Reached XP level 1. HP: 19/19 MP: 1/1
   124 | D:1      | Found a faded altar of an unknown god.
   385 | D:1      | Found Ifunacao's Jewellery Shoppe.
   649 | D:2      | Reached XP level 2. HP: 27/27 MP: 2/2
   790 | D:2      | Found Seshrig's Armour Shoppe.
  1119 | D:2      | Found Guowan's Weapon Shoppe.
  1167 | D:2      | Found Peeffi's Antique Armour Shoppe.
  1208 | D:2      | Reached XP level 3. HP: 16/33 MP: 3/3
  1442 | D:2      | Found Fumawuam's Armour Shop.
  1555 | D:2      | Reached skill level 1 in Armour
  1965 | D:3      | Reached skill level 4 in Polearms
  1975 | D:3      | Reached XP level 4. HP: 34/40 MP: 4/4
  2535 | D:4      | Found a staircase to the Ecumenical Temple.
  2543 | Temple   | Entered the Ecumenical Temple
  2736 | Temple   | Became a worshipper of Gozag Ym Sagoz the Greedy
  2851 | D:2      | Bought a kite shield for 121 gold pieces
  2892 | D:4      | Reached skill level 1 in Fire Magic
  2990 | D:4      | Reached XP level 5. HP: 23/46 MP: 5/5
  3139 | D:4      | Noticed an ogre
  3146 | D:4      | Reached skill level 1 in Shields
  3169 | D:4      | Noticed a black bear
  3196 | D:4      | Killed a black bear
  3197 | D:4      | Reached XP level 6. HP: 15/53 MP: 6/6
  3362 | D:4      | Reached skill level 5 in Polearms
  3788 | D:4      | Reached skill level 1 in Spellcasting
  3948 | D:4      | Reached XP level 7. HP: 60/60 MP: 8/8
  3960 | D:4      | Noticed Menkaure
  3969 | D:4      | Killed Menkaure
  4427 | D:5      | Entered Level 5 of the Dungeon
  4554 | D:5      | Reached skill level 5 in Fighting
  4554 | D:5      | Reached skill level 6 in Polearms
  4825 | D:5      | Reached XP level 8. HP: 68/68 MP: 8/10
  4941 | D:5      | Identified the +3 spear of the Unseen Realm {vorpal, rC+
                  | Int+3 Stlth+}
  5465 | D:5      | Found a sparkling altar of Nemelex Xobeh.
  5553 | D:5      | Found a shimmering blue altar of Sif Muna.
  6196 | D:6      | Slain by a gnoll

Illustrated notes

Levels and vault maps discovered:
D:1:      giann_bridges, layout_basic, serial_shops, nicolae_shop_waterfront,
          hellmonk_ecumenical_altar_run_dry
D:2:      layout_basic, serial_shops, nicolae_diamond_shop,
          nicolae_shop_overgrown_old_shop, shop, shop_fountains
D:3:      layout_rooms, item_on_display_b
D:4:      layout_rooms, minmay_temple_entry_trees, kennysheep_small_circle,
          uniq_menkaure
D:5:      layout_rooms, nemelex_diamond_rough_becter, led_sif_pool,
          minivault_27, chequers_big_river
D:6:      layout_basic, general_overflow_altar, grunt_decor_junction,
          minmay_manual_mandibuliform
Temple:   oiseaux_autumnal_temple

Skill      XL: |  1  2  3  4  5  6  7  8 |
---------------+-------------------------+-----
Fighting       | 4 5 |  5.4
Armour         | 1 2 3 4 |  4.4
Polearms       | 4 5 6 |  6.9
Fire Magic     | 1 2 3 |  3.0
Shields        | 1 2 3 |  3.6
Stealth        | 2 3 |  3.2
Dodging        | 3 |  3.5
Spellcasting   | 1 |  1.9

Action                   |  1- 3 |  4- 6 |  7- 9 || total
-------------------------+-------+-------+-------++-------
Melee: Spear             |    49 |       |   133 ||   182
       Trident           |    80 |   175 |    53 ||   308
  Use: Scroll            |       |       |    12 ||    12
 Stab: Sleeping          |     1 |       |       ||     1
       Distracted        |       |     1 |       ||     1
Armor: Leather armour    |     8 |       |       ||     8
       Ring mail         |    54 |    62 |       ||   116
       Chain mail        |       |    26 |    84 ||   110
Dodge: Dodged            |    83 |    69 |    25 ||   177
Block: Kite shield       |       |    63 |    65 ||   128
